AoeStats
← Mr. Stone

Arena

505297347Analyzed
1v1 RM · 23d ago on Sep 8, 2026· 85m 50s· 2 players
Game mode
Random Map
Map size
Tiny (2 player)
Population
200
Speed
Normal
Resources
Standard
Victory
Conquest
Starting age
Dark Age
Ending age
Imperial Age
RankedLock teamsTeams togetherTeam positionsShared explorationLock speedFull tech treeHidden civsTurbo modeCheats
Victory
Defeat
🇳🇱 Magyars · Netherlands
881
+14
🇨🇭 Mongols · Switzerland
843
-14
Timmsalabim
10:55 Feudal Age
9:48 Loom
14:51 Castle Age
23:34 Double-Bit Axe
25:42 Horse Collar
26:51 Scale Barding Armor
29:05 Bow Saw
36:19 Corvinian Army
41:47 Imperial Age
42:37 Fletching
44:11 Parthian Tactics
44:24 Ballistics
44:03 Bodkin Arrow
50:07 Recurve Bow
50:14 Padded Archer Armor
52:07 Chain Barding Armor
51:56 Murder Holes
51:40 Light Cavalry
52:22 Husbandry
53:00 Bloodlines
52:56 Bracer
53:33 Plate Barding Armor
55:21 Chemistry
54:09 Heavy Cavalry Archer
55:12 Hussar
57:56 Leather Archer Armor
58:25 Hoardings
70:16 Heavy Plow
70:10 Gold Mining
70:10 Stone Mining
71:59 Wheelbarrow
77:48 Crop Rotation
78:19 Two-Man Saw
77:56 Gold Shaft Mining
81:15 Elite Skirmisher
82:04 Thumb Ring
84:02 Ring Archer Armor
Mr. Stone
4:44 Loom
11:24 Feudal Age
17:08 Castle Age
15:28 Horse Collar
15:40 Double-Bit Axe
19:17 Forging
30:57 Imperial Age
29:23 Pikeman
32:12 Scale Mail Armor
40:19 Fletching
43:46 Arson
45:19 Wheelbarrow
47:37 Ballistics
48:51 Padded Archer Armor
49:47 Heavy Plow
50:03 Bow Saw
51:10 Elite Skirmisher
51:49 Bodkin Arrow
53:41 Conscription
54:18 Bloodlines
55:02 Bracer
55:38 Iron Casting
65:00 Blast Furnace
64:17 Leather Archer Armor
64:19 Chain Mail Armor
65:24 Elite Mangudai
70:12 Elite Steppe Lancer
Connection lost

Rejoining the realm…

Still unreachable

The connection could not be restored.

Session expired

The server has moved on; the page needs a fresh start.